 Dungeon Crawl Stone Soup version 0.21-a0-440-g28109cb (webtiles) character file.

42 slep the Covered (level 3, -1/33 HPs)
             Began as a Minotaur Fighter on Nov 11, 2017.
             Slain by a gnoll
             ... wielding a +0 flail
              (2 damage)
             ... on level 2 of the Dungeon.
             The game lasted 00:02:30 (570 turns).

slep the Covered (Minotaur Fighter)                  Turns: 570, Time: 00:02:31

Health: -1/33      AC:  7    Str: 20    XL:     3   Next: 35%
Magic:  2/2        EV:  7    Int:  5    God:
Gold:   56         SH:  9    Dex: 10    Spells: 2/2 levels left

rFire    . . .     SeeInvis .   a - +0 long sword
rCold    . . .     Gourm    .   c - +0 shield
rNeg     . . .     Faith    .   b - +0 scale mail
rPois    .         Spirit   .   (helmet restricted)
rElec    .         Reflect  .   (no cloak)
rCorr    .         Harm     .   (no gloves)
MR       .....                  (no boots)
Stlth    ..........             (no amulet)
HPRegen  0.11/turn              (no ring)
MPRegen  0.08/turn              (no ring)

@: no status effects
A: retaliatory headbutt, horns 2
a: no special abilities


You were on level 2 of the Dungeon.
You were not hungry.

You visited 1 branch of the dungeon, and saw 2 of its levels.

You collected 56 gold pieces.

Inventory:

Hand Weapons
 a - a +0 long sword (weapon)
Armour
 b - a +0 scale mail (worn)
 c - a +0 shield (worn)
Scrolls
 e - a scroll of noise {unknown}
 g - a scroll of amnesia {unknown}
 i - a scroll of remove curse {unknown}
Potions
 d - a potion of might
 h - a potion of heal wounds {unknown}
Comestibles
 f - a bread ration
 j - a royal jelly


   Skills:
 + Level 4.0 Fighting
 + Level 3.1 Long Blades
 + Level 4.1 Armour
 + Level 0.3 Dodging
 + Level 4.1 Shields


You had 2 spell levels left.
You didn't know any spells.

Dungeon Overview and Level Annotations

Branches:
Dungeon (2/15)

Altars:


Innate Abilities, Weirdness & Mutations

You reflexively headbutt those who attack you in melee.
You have a pair of horns on your head.


Message History

You barely miss the giant cockroach.
Your headbutt misses the giant cockroach.
The giant cockroach bites you but does no damage. x2
You hit the giant cockroach but do no damage.
Your headbutt misses the giant cockroach.
The giant cockroach bites you but does no damage. x2
You closely miss the giant cockroach. You block the giant cockroach's attack.
You barely miss the giant cockroach.
The giant cockroach bites you but does no damage.
You block the giant cockroach's attack.
You closely miss the giant cockroach. The giant cockroach bites you.
You barely miss the giant cockroach.
You block the giant cockroach's attack. x2
You hit the giant cockroach.
You kill the giant cockroach!
The gnoll hits you with a flail!
* * * LOW HITPOINT WARNING * * *
You hit the gnoll. You headbutt the gnoll.
The gnoll is moderately wounded.
The gnoll hits you with a flail.
You die...

##.<...## ..
#.......###.#
#.........#.#
#....†......#
#...........#
#.####......#
#<#####...#.#
##.........[#
##@####...##
##gK.#...#
#g#.#...#
#...†...#
#.......#
##....#### .
##...###
#s#######+##....#
.....s.....g....#


You could see a gnoll, a hobgoblin and a kobold.

Vanquished Creatures
  An adder (D:2)
  3 worms (D:2)
  A dart slug (D:1)
  A giant cockroach (D:2)
  2 goblins (D:2)
  2 hobgoblins (D:1)
  3 jackals (D:2)
  A quokka (D:2)
  3 bats (D:1)
  3 kobolds
  2 rats (D:1)
22 creatures vanquished.

Notes
Turn   | Place    | Note
-------+----------+-------------------------------------------
     0 | D:1      | slep the Minotaur Fighter began the quest for the Orb.
     0 | D:1      | Reached XP level 1. HP: 19/19 MP: 0/0
   123 | D:1      | Reached XP level 2. HP: 24/27 MP: 1/1
   513 | D:2      | Reached XP level 3. HP: 16/33 MP: 2/2
   569 | D:2      | HP: 1/33 [gnoll/flail (11)]
   570 | D:2      | Slain by a gnoll

Vault maps used:
D:1:      dpeg_arrival_boxes_within_box
D:2:      kennysheep_six_static_rooms, tso_oasis_becter,
          nicolae_qazlal_general_emergency, bloody_trog, uniq_natasha

Skill      XL: |  1  2  3 |
---------------+----------+-----
Armour         | 4 |  4.1
Shields        | 4 |  4.1
Fighting       | 4 |  4.0
Long Blades    | 3 |  3.1
Dodging        | |  0.3

Action                   || total
-------------------------++-------
Melee: Long sword        ||    79
       Headbutt          ||     9
Armor: Scale mail        ||    32
Dodge: Dodged            ||    15
Block: Shield            ||    35
       Rpst.: Long sword ||     3

Table legend:
 A = Spawn XP
 B = Non-spawn XP
 C = Spawn XP percentage of total XP
 D = Spawn monster count
 E = Non-spawn monster count
 F = Spawn count percentage of total count
 G = Total turns spent on level
                    A         B        C        D         E        F      G
               +---------+---------+-------+---------+---------+-------+---------
         Total |       0 |      61 |   0.0 |       0 |      22 |   0.0 |   570
               +---------+---------+-------+---------+---------+-------+---------
           D:1 |       0 |      18 |   0.0 |       0 |      10 |   0.0 |   481
           D:2 |       0 |      43 |   0.0 |       0 |      12 |   0.0 |    89
               +---------+---------+-------+---------+---------+-------+---------
